[Event "ICC tourney 1955 (60 10)"]
[Site "Internet Chess Club"]
[Date "2020.08.07"]
[Round "3"]
[White "AHSRULES"]
[Black "bishoboo"]
[Result "1-0"]
[ICCResult "Black resigns"]
[WhiteElo "1861"]
[BlackElo "1907"]
[Opening "Caro-Kann: Panov-Botvinnik attack, 5...e6"]
[ECO "B14"]
[NIC "CK.02"]
[Time "18:33:17"]
[TimeControl "3600+10"]

1. e4 c6 2. d4 d5 3. exd5 cxd5 4. c4 e6 5. Nc3 Nf6 6. Nf3 Nc6 7. Bg5 Be7 8.
c5 Ne4 9. Bxe7 Qxe7 10. Bb5 O-O 11. O-O f5 12. Bxc6 bxc6 13. Ne5 Ba6 14. Re1
Bb7 15. f3 Nf6 16. Qe2 a5 17. Na4 Nh5 18. Nb6 Ra7 19. Rad1 Rf6 20. Ned7 Rg6
21. Qe5 Qd8 22. Qd6 Qe8 23. Re3 Bc8 24. Ne5 Rh6 25. Nxc6 Rf7 26. Nxc8 Qxc8
27. Ne7+ Rxe7 28. Qxe7 Rg6 29. Qd6 h6 30. c6 Nf6 31. Qxe6+ {Black resigns}
1-0

[Event "ICC tourney 1955 (60 10)"]
[Site "Internet Chess Club"]
[Date "2020.08.07"]
[Round "3"]
[White "dhruvpathak0613"]
[Black "ShadowApt"]
[Result "0-1"]
[ICCResult "White resigns"]
[WhiteElo "1859"]
[BlackElo "2102"]
[Opening "Sicilian: Najdorf, 7...Be7 main line"]
[ECO "B99"]
[NIC "SI.09"]
[Time "18:32:41"]
[TimeControl "3600+10"]

1. e4 c5 2. Nf3 d6 3. d4 cxd4 4. Nxd4 Nf6 5. Nc3 a6 6. Bg5 e6 7. f4 Be7 8.
Qf3 Nbd7 9. O-O-O Qc7 10. g4 h6 11. Bxf6 Bxf6 12. Be2 b5 13. Ndxb5 axb5 14.
Nxb5 Qb8 15. e5 O-O 16. exf6 Bb7 17. Qh3 Bxh1 18. fxg7 Kxg7 19. Qc3+ Kg8 20.
Rxh1 Rxa2 21. Kd2 d5 22. Qg3 Nc5 23. Nc3 d4 24. Nxa2 Ne4+ 25. Kc1 Nxg3 26.
hxg3 Qa8 {White resigns} 0-1

[Event "ICC tourney 1955 (60 10)"]
[Site "Internet Chess Club"]
[Date "2020.08.07"]
[Round "3"]
[White "MysteryHunter"]
[Black "zchen15"]
[Result "0-1"]
[ICCResult "White resigns"]
[WhiteElo "1679"]
[BlackElo "1986"]
[Opening "Sicilian: Kan, Polugaievsky variation"]
[ECO "B42"]
[NIC "SI.42"]
[Time "18:32:37"]
[TimeControl "3600+10"]

1. e4 c5 2. Nf3 e6 3. d4 cxd4 4. Nxd4 a6 5. Bd3 Bc5 6. Nb3 Be7 7. O-O Qc7 8.
Re1 d6 9. Nc3 Nf6 10. Bf4 Nbd7 11. Qd2 b5 12. a3 Ne5 13. Bxe5 dxe5 14. Rad1
Bb7 15. Qe2 O-O 16. Nb1 Rad8 17. N1d2 Nd7 18. Nf1 f5 19. Qe3 g6 20. Qh3 Nf6
21. Nbd2 Qb6 22. Qg3 Nh5 23. Qe3 Bc5 24. Qe2 Nf4 25. Qf3 Nxd3 26. cxd3 fxe4
27. Qg4 Bxf2+ 28. Kh1 Bxe1 29. Rxe1 Rxd3 30. Nxe4 Rf4 31. Qg5 Bxe4 32. Qxe5
Qd6 33. Qxd6 Rxd6 34. Kg1 Bd3 {White resigns} 0-1

[Event "ICC tourney 1955 (60 10)"]
[Site "Internet Chess Club"]
[Date "2020.08.07"]
[Round "3"]
[White "bg26723"]
[Black "JunlinTheWorld"]
[Result "0-1"]
[ICCResult "White resigns"]
[WhiteElo "1840"]
[BlackElo "1724"]
[Opening "Sicilian defense"]
[ECO "B30"]
[NIC "SI.31"]
[Time "18:33:03"]
[TimeControl "3600+10"]

1. e4 c5 2. Nf3 Nc6 3. c3 d5 4. exd5 Qxd5 5. d4 Bf5 6. Be2 Nf6 7. c4 Qd8 8.
d5 Nb4 9. Na3 g6 10. O-O Bg7 11. Nh4 Bd7 12. Be3 b6 13. Qb3 O-O 14. Nb1 Na6
15. Nc3 Nc7 16. Bf3 Rb8 17. g3 Nce8 18. Bf4 Nd6 19. a4 h6 20. Ng2 g5 21. Be5
Nfe8 22. Bxg7 Nxg7 23. Nb5 a6 24. Nxd6 exd6 25. Ne3 f5 26. Qd3 Kh8 27. b3
Qf6 28. Rae1 Rbe8 29. Bd1 Re7 30. Bc2 Nh5 31. Nxf5 Rxe1 32. Rxe1 g4 33. f3
Bxf5 34. Qd2 Bxc2 35. fxg4 Qd4+ 36. Qxd4+ cxd4 37. gxh5 d3 {White resigns}
0-1

[Event "ICC tourney 1955 (60 10)"]
[Site "Internet Chess Club"]
[Date "2020.08.07"]
[Round "3"]
[White "i2good4u734"]
[Black "xx99754539"]
[Result "1-0"]
[ICCResult "Black resigns"]
[WhiteElo "2136"]
[BlackElo "1951"]
[Opening "King's Indian: London system"]
[ECO "A48"]
[NIC "QP.03"]
[Time "18:33:03"]
[TimeControl "3600+10"]

1. d4 Nf6 2. Nf3 g6 3. Bf4 Bg7 4. e3 d5 5. h3 c5 6. c3 O-O 7. Be2 Nc6 8. O-O
Bf5 9. Nbd2 Nd7 10. g4 Be6 11. Ng5 h6 12. Nxe6 fxe6 13. Bg3 e5 14. Qb3 cxd4
15. Qxd5+ Kh7 16. Nc4 Rc8 17. Rfd1 Ndb8 18. Qe4 Na6 19. Nxe5 Bxe5 20. Bxe5
Nc5 21. Qg2 d3 22. Bg3 dxe2 23. Rxd8 Rcxd8 24. Re1 Nd3 25. Rxe2 Nde5 26.
Bxe5 Rd1+ 27. Kh2 Nxe5 28. f4 Nc4 29. Qe4 {Black resigns} 1-0

[Event "ICC tourney 1955 (60 10)"]
[Site "Internet Chess Club"]
[Date "2020.08.07"]
[Round "3"]
[White "pika0008"]
[Black "blueeagle405"]
[Result "0-1"]
[ICCResult "White resigns"]
[WhiteElo "1603"]
[BlackElo "1986"]
[Opening "Réti opening"]
[ECO "A30"]
[NIC "QP.10"]
[Time "18:33:03"]
[TimeControl "3600+10"]

1. Nf3 c5 2. c4 Nc6 3. Nc3 g6 4. d4 cxd4 5. Nxd4 Nf6 6. e4 Nxd4 7. Qxd4 Bg7
8. h3 d6 9. Be3 O-O 10. Qd2 Qa5 11. Be2 Be6 12. O-O Rfc8 13. b3 a6 14. Rac1
Nd7 15. Nd5 Qxd2 16. Bxd2 Bxd5 17. exd5 Nc5 18. Bc3 Bh6 19. Rc2 b5 20. Bd2
Bxd2 21. Rxd2 bxc4 22. Bxc4 Kf8 23. Re1 Rc7 24. f3 Nd7 25. f4 Nb6 26. Rc1
Rac8 27. Rd4 Rc5 28. Kh2 R8c7 29. Kg3 Nxd5 30. Kf3 Nb6 31. Rb1 Nxc4 32. bxc4
Rxc4 33. Rb8+ Kg7 34. Rxc4 Rxc4 35. Rb7 Kf6 36. g4 Rc3+ 37. Ke4 Rxh3 38. Kd5
Rd3+ 39. Ke4 Ra3 40. Kd5 Ra5+ 41. Ke4 Rxa2 42. Kd5 Ra5+ 43. Ke4 Ra4+
{White resigns}
0-1

[Event "ICC tourney 1955 (60 10)"]
[Site "Internet Chess Club"]
[Date "2020.08.07"]
[Round "3"]
[White "watermelon"]
[Black "Yucheng"]
[Result "1/2-1/2"]
[ICCResult "Game drawn by mutual agreement"]
[WhiteElo "1716"]
[BlackElo "1840"]
[Opening "QGD: Chigorin defense"]
[ECO "D07"]
[NIC "QP.08"]
[Time "18:33:23"]
[TimeControl "3600+10"]

1. d4 d5 2. c4 Nc6 3. Nc3 Nf6 4. Bg5 Ne4 5. Bh4 Nxc3 6. bxc3 h6 7. e3 g5 8.
Bg3 e6 9. cxd5 exd5 10. Bd3 Bg7 11. Ne2 Ne7 12. O-O Nf5 13. Qc2 Nxg3 14.
Nxg3 O-O 15. Rfe1 c5 16. Nf5 c4 17. Be2 Qf6 18. Nxg7 Kxg7 19. e4 Be6 20.
exd5 Bxd5 21. Bg4 Rfe8 22. Qf5 Qxf5 23. Bxf5 Kf6 24. Bc2 b5 25. a4 a6 26.
Rxe8 Rxe8 27. Kf1 Rb8 28. axb5 axb5 29. Ra6+ Kg7 30. Rd6 Ba8 31. d5 b4 32.
cxb4 Rxb4 33. Ke2 Rb5 34. Be4 f5 35. Bxf5 Rxd5 36. Rxd5 Bxd5 37. f3 Kf6 38.
Bc2 Ke5 39. Ke3 Be6 40. g3 Kd5 41. Be4+ Kc5 42. f4 Kb4 43. Kd4 gxf4 44. gxf4
c3 45. f5 Ba2 46. f6 Bf7 47. Ke5 Kb3 48. Kd6 Kc4 49. Ke7 Bd5 50. f7 Bxf7 51.
Kxf7 Kd4 52. Bb1 h5 53. Kg6 h4 54. Kg5 Ke5 55. Kxh4 Kf6
{Game drawn by mutual agreement}
1/2-1/2

[Event "ICC tourney 1955 (60 10)"]
[Site "Internet Chess Club"]
[Date "2020.08.07"]
[Round "3"]
[White "BadWolf"]
[Black "corviknight"]
[Result "1-0"]
[ICCResult "Black checkmated"]
[WhiteElo "2001"]
[BlackElo "1751"]
[Opening "QGD Slav: 3.Nf3"]
[ECO "D11"]
[NIC "SL.01"]
[Time "18:32:40"]
[TimeControl "3600+10"]

1. d4 d5 2. c4 c6 3. Nf3 Nf6 4. Bg5 Bf5 5. cxd5 cxd5 6. Qb3 Qb6 7. Qxb6 axb6
8. Nc3 e6 9. a3 Nc6 10. e3 Bb4 11. Rc1 Bxc3+ 12. Rxc3 Ne4 13. Rb3 Rc8 14.
Rxb6 Na7 15. Be2 Rc1+ 16. Bd1 Rxd1+ 17. Kxd1 Nxf2+ 18. Ke2 Nxh1 19. Rxb7 Nc6
20. Rc7 Nd8 21. Be7 h5 22. Kf1 Rh6 23. Kg1 f6 24. Kxh1 g5 25. Bc5 Rh7 26.
Rxh7 Bxh7 27. Ne1 Nc6 28. b4 Kd7 29. Kg1 Nb8 30. Kf2 Na6 31. Ke2 Bb1 32. Kd2
Ba2 33. Kc3 Nc7 34. a4 e5 35. dxe5 fxe5 36. Nf3 d4+ 37. exd4 Nd5+ 38. Kb2
Bb1 39. Nxe5+ Kc8 40. Kxb1 Nc3+ 41. Kc2 Nxa4 42. Kb3 Nxc5+ 43. dxc5 Kd8 44.
Nf7+ Kc7 45. Nxg5 Kc6 46. Kc4 Kb7 47. b5 Kc7 48. Ne6+ Kb7 49. Kd5 Kb8 50. c6
Kc8 51. b6 Kb8 52. c7+ Kc8 53. Kc6 h4 54. b7# {Black checkmated} 1-0

[Event "ICC tourney 1955 (60 10)"]
[Site "Internet Chess Club"]
[Date "2020.08.07"]
[Round "3"]
[White "PearsonH"]
[Black "mopaska1106"]
[Result "0-1"]
[ICCResult "White resigns"]
[WhiteElo "1763"]
[BlackElo "2035"]
[Opening "Queen's pawn, Mason variation"]
[ECO "D00"]
[NIC "QP.08"]
[Time "18:32:13"]
[TimeControl "3600+10"]

1. d4 d5 2. Bf4 e6 3. e3 c6 4. c3 f5 5. Nf3 Nf6 6. Nbd2 Bd6 7. Bg3 O-O 8.
Be2 b6 9. Ne5 Bb7 10. O-O c5 11. f4 Nc6 12. h3 a6 13. a4 Ne4 14. Be1 Rc8 15.
g4 cxd4 16. exd4 Be7 17. Kh2 Nxe5 18. fxe5 Bg5 19. gxf5 exf5 20. Nxe4 dxe4
21. c4 Qe7 22. Qb3 Qe6 23. Bc3 Qh6 24. Be1 Bf4+ 25. Bg3 Bxg3+ 26. Qxg3 f4
27. Qc3 f3 28. Bd1 Qf4+ {White resigns} 0-1

[Event "ICC tourney 1955 (60 10)"]
[Site "Internet Chess Club"]
[Date "2020.08.07"]
[Round "3"]
[White "ganzy"]
[Black "RogerZ"]
[Result "1-0"]
[ICCResult "Black checkmated"]
[WhiteElo "2102"]
[BlackElo "1939"]
[Opening "Four knights: Ranken variation"]
[ECO "C48"]
[NIC "KP.03"]
[Time "18:33:03"]
[TimeControl "3600+10"]

1. e4 e5 2. Nf3 Nc6 3. Nc3 Nf6 4. Bb5 a6 5. Bxc6 dxc6 6. Nxe5 Bc5 7. O-O Be6
8. d3 Qe7 9. Qe2 O-O-O 10. Be3 Bd6 11. Nf3 Bg4 12. Rfe1 h6 13. e5 Bxe5 14.
Bf4 Bxf3 15. Qxf3 Nd7 16. Bxe5 Nxe5 17. Qf5+ Qd7 18. Rxe5 Rhe8 19. Qxd7+
Kxd7 20. Rae1 Rxe5 21. Rxe5 f6 22. Re4 Rf8 23. f4 f5 24. Re5 Rf6 25. d4 g6
26. d5 Rd6 27. Kf2 c5 28. g4 fxg4 29. Ne4 Rb6 30. Nxc5+ Kd6 31. Nd3 Rb5 32.
c4 Ra5 33. a3 c6 34. c5+ Rxc5 35. Nxc5 Kxc5 36. dxc6+ Kxc6 37. Re6+ Kd7 38.
Rxg6 h5 39. Rg5 b5 40. Rxh5 a5 41. Rxb5 a4 42. Kg3 Kc6 43. Rb4 Kc5 44. f5
Kd5 45. Kxg4 Ke5 46. Kg5 Kd5 47. f6 Ke5 48. f7 Ke6 49. f8=Q Kd7 50. Rb7+ Kc6
51. Qb4 Kd5 52. Rd7+ Ke6 53. Qd6# {Black checkmated} 1-0

[Event "ICC tourney 1955 (60 10)"]
[Site "Internet Chess Club"]
[Date "2020.08.07"]
[Round "3"]
[White "saanvichess"]
[Black "chesslead"]
[Result "0-1"]
[ICCResult "White resigns"]
[WhiteElo "1643"]
[BlackElo "1994"]
[Opening "Philidor: Improved Hanham variation"]
[ECO "B07"]
[NIC "PU.08"]
[Time "18:33:19"]
[TimeControl "3600+10"]

1. e4 d6 2. d4 Nf6 3. Nc3 Nbd7 4. Nf3 e5 5. d5 Be7 6. Be2 c6 7. O-O O-O 8.
Bd3 cxd5 9. Nxd5 Nxd5 10. exd5 Nc5 11. Re1 a6 12. a4 Nxd3 13. Qxd3 Qc7 14.
h3 h6 15. c4 Bd7 16. Bd2 Rac8 17. b3 f5 18. Bc3 Rce8 19. Qd2 Bd8 20. Qb2 a5
21. Nd2 Bg5 22. Nf3 f4 23. Nxg5 hxg5 24. f3 Qb6+ 25. Kh1 Rf6 26. b4 axb4 27.
Qxb4 Qf2 28. Qb2 Qh4 29. Kg1 g4 30. fxg4 f3 31. Qf2 Qh7 32. Rf1 Ref8 33.
gxf3 Rh6 34. Qg2 Rxh3 35. Bd2 Kf7 36. Rab1 Bc8 37. g5 Qh5 38. g6+ Ke8 39. c5
Rh8 40. Qg5 Qxg5+ 41. Bxg5 Rg3+ 42. Kf2 Rxg5 43. cxd6 Rxg6 44. Rb6 Kd7 45.
Ke3 Rxd6 46. Rxd6+ Kxd6 47. Rd1 Rh4 48. Rg1 Rxa4 49. Rxg7 Kxd5 50. Rc7 Rc4
51. Rxc4 Kxc4 52. Ke4 b5 53. Kxe5 b4 {White resigns} 0-1

[Event "ICC tourney 1955 (60 10)"]
[Site "Internet Chess Club"]
[Date "2020.08.07"]
[Round "3"]
[White "kapilank"]
[Black "JadenShaw"]
[Result "0-1"]
[ICCResult "White resigns"]
[WhiteElo "1893"]
[BlackElo "1884"]
[Opening "French: Tarrasch, open variation"]
[ECO "C07"]
[NIC "FR.18"]
[Time "18:33:23"]
[TimeControl "3600+10"]

1. e4 e6 2. d4 d5 3. Nd2 c5 4. c3 Nc6 5. Ngf3 Nf6 6. e5 Nd7 7. Bb5 Qb6 8.
Bxc6 bxc6 9. O-O Be7 10. Nb3 O-O 11. Re1 a5 12. g4 a4 13. Nbd2 f6 14. exf6
Nxf6 15. g5 Nh5 16. Nf1 Bd6 17. Ng3 Nxg3 18. hxg3 Ra7 19. g6 hxg6 20. Ng5
cxd4 21. cxd4 e5 22. Be3 e4 23. Qc2 Be7 24. Kg2 Bxg5 25. Bxg5 Raf7 26. Be3
Bg4 27. Rh1 Bf3+ 28. Kg1 Bxh1 29. Kxh1 Qa6 30. Rd1 Qc8 31. Kg2 Qg4 32. Rh1
Qf3+ 33. Kg1 Qf6 34. Kg2 Rb8 35. Bf4 Rb4 36. Rd1 g5 37. Be3 Qf3+ 38. Kg1 Rc4
39. Qd2 Rf5 40. Rf1 g4 41. Bg5 e3 42. Qxe3 Qxe3 43. Bxe3 Rc2 44. b3 a3 45.
Rc1 Rxc1+ 46. Bxc1 Rf7 47. Bxa3 Ra7 48. Bc5 Rxa2 49. Kf1 Kf7 50. b4 Kf6 51.
Bd6 Kf5 52. Bc5 Ke4 53. Kg2 g6 54. Bb6 Rd2 55. Bc5 Rxd4 56. Bxd4 Kxd4 57. f4
gxf3+ 58. Kxf3 Kc3 59. g4 d4 {White resigns} 0-1

[Event "ICC tourney 1955 (60 10)"]
[Site "Internet Chess Club"]
[Date "2020.08.07"]
[Round "3"]
[White "ShaunTracey"]
[Black "Mozart1"]
[Result "1-0"]
[ICCResult "Black resigns"]
[WhiteElo "1780"]
[BlackElo "1858"]
[Opening "Giuoco Piano"]
[ECO "C54"]
[NIC "IG.02"]
[Time "18:33:00"]
[TimeControl "3600+10"]

1. e4 e5 2. Nf3 Nc6 3. Bc4 Bc5 4. c3 Nf6 5. d3 d6 6. Bb3 Bg4 7. Nbd2 O-O 8.
Nf1 d5 9. Qe2 Re8 10. Bg5 dxe4 11. dxe4 Qe7 12. Ng3 h6 13. Bd2 Rad8 14. h3
Be6 15. Bc2 a6 16. Nh4 b5 17. Nhf5 Qf8 18. Qf3 Nh7 19. h4 b4 20. Ba4 Bd7 21.
Nh5 Bxf5 22. Qxf5 Qd6 23. O-O-O bxc3 24. Bxc3 Bd4 25. Bb3 Re7 26. Qg4 g6 27.
Bd2 Nf6 28. Qxg6+ {Black resigns} 1-0

[Event "ICC tourney 1955 (60 10)"]
[Site "Internet Chess Club"]
[Date "2020.08.07"]
[Round "3"]
[White "BirchRun"]
[Black "imranchamp"]
[Result "0-1"]
[ICCResult "White resigns"]
[WhiteElo "1859"]
[BlackElo "1688"]
[Opening "Queen's pawn: London system"]
[ECO "A45"]
[NIC "QP.07"]
[Time "18:33:05"]
[TimeControl "3600+10"]

1. d4 Nf6 2. Bf4 g6 3. e3 d6 4. Nf3 Nh5 5. Bg5 h6 6. Bh4 g5 7. Bg3 Nd7 8.
Be2 Bg7 9. c4 a6 10. Nc3 e5 11. Qc2 O-O 12. dxe5 dxe5 13. O-O-O Nxg3 14.
hxg3 c6 15. Kb1 f5 16. Rd2 Qe7 17. Rhd1 Nc5 18. Bf1 b5 19. Ka1 Rb8 20. Rd6
e4 21. Ne1 b4 22. Nb1 Nd3 23. Rxc6 Bxb2+ 24. Qxb2 Nxb2 25. Kxb2 Bb7 26. Rcd6
Rfd8 27. c5 Rxd6 28. cxd6 Qe5+ 29. Rd4 Rd8 30. Bc4+ Kg7 31. Kb3 Rxd6 32. Nc2
a5 33. Nd2 f4 34. Bf1 fxg3 35. Nc4 Bd5 36. Kb2 Bxc4 37. Bxc4 gxf2 38. Bf1
Rxd4 39. exd4 Qe6 40. Ne3 Kf8 41. d5 Qb6 42. Nc4 Qd4+ 43. Kc2 Qxd5 44. g4 a4
45. Ne3 Qxa2+ 46. Kd1 b3 47. Bc4 Qa1+ 48. Ke2 Qb2+ 49. Kf1 a3 50. Nd1 Qc2
51. Ne3 Qxc4+ 52. Nxc4 a2 {White resigns} 0-1

[Event "ICC tourney 1955 (60 10)"]
[Site "Internet Chess Club"]
[Date "2020.08.07"]
[Round "3"]
[White "pangpangba"]
[Black "smilingfloor"]
[Result "0-1"]
[ICCResult "White resigns"]
[WhiteElo "1528"]
[BlackElo "1944"]
[Opening "Sicilian"]
[ECO "B56"]
[NIC "SI.25"]
[Time "18:32:45"]
[TimeControl "3600+10"]

1. e4 c5 2. Nf3 d6 3. d4 cxd4 4. Nxd4 Nf6 5. Nc3 Nc6 6. f3 e5 7. Nb3 Be7 8.
Be3 O-O 9. Qd2 a5 10. Bb5 Na7 11. a4 Be6 12. Bxa7 Rxa7 13. Nd5 Nxd5 14. exd5
Bf5 15. Bd3 Bxd3 16. Qxd3 Bh4+ 17. g3 Bg5 18. O-O b6 19. c3 f5 20. f4 exf4
21. Nd4 Qf6 22. Ne6 Re8 23. gxf4 Bh4 24. Qb5 Rb8 25. Nd4 Rab7 26. Nc6 Ra8
27. Rac1 h6 28. b4 axb4 29. Qxb4 g5 30. Rc2 g4 31. Qb5 Rg7 32. Ra1 g3 33. h3
Qf7 34. Rd2 Bf6 35. Ra3 Qh5 36. Kg2 Re8 37. Qd3 Re4 38. c4 Rxf4 39. c5 bxc5
40. a5 Rf2+ 41. Rxf2 gxf2+ 42. Kxf2 Bh4+ 43. Kf1 Qg5 44. Ke2 Qg2+ 45. Kd1
Rg3 46. Ne7+ Kh8 47. Qxg3 Bxg3 48. a6 Qf1+ 49. Kc2 Qe2+ 50. Kb1 Qd1+ 51. Kb2
Be5+ 52. Rc3 Qd2+ 53. Kb1 Bxc3 {White resigns} 0-1

[Event "ICC tourney 1955 (60 10)"]
[Site "Internet Chess Club"]
[Date "2020.08.07"]
[Round "3"]
[White "GenerousSW"]
[Black "movingkid"]
[Result "0-1"]
[ICCResult "White checkmated"]
[WhiteElo "1986"]
[BlackElo "1824"]
[Opening "Sicilian: dragon, 6.Be3"]
[ECO "B72"]
[NIC "SI.16"]
[Time "18:32:57"]
[TimeControl "3600+10"]

1. e4 c5 2. Nf3 d6 3. d4 cxd4 4. Nxd4 Nf6 5. Nc3 g6 6. Be3 Bg7 7. Bc4 Nc6 8.
Bb3 Ng4 9. O-O Nxe3 10. fxe3 O-O 11. Kh1 Ne5 12. Qd2 Bd7 13. Nf3 Nxf3 14.
gxf3 Rc8 15. Rad1 Bxc3 16. bxc3 Qa5 17. Qf2 Rxc3 18. Rg1 Ba4 19. Rd5 Qa6 20.
h4 Bxb3 21. axb3 Qa2 22. Rd2 Rfc8 23. Rg2 a5 24. Re2 b5 25. h5 a4 26. bxa4
bxa4 27. hxg6 fxg6 28. f4 Qb1+ 29. Kh2 a3 30. f5 Qb5 31. Qh4 Qe5+ 32. Kh3 a2
33. fxg6 Qe6+ 34. Kh2 hxg6 35. Qh5 Kg7 36. Qa5 R8c5 37. Qa4 Qe5+ 38. Kh3
Qh5+ 39. Kg3 Rg5+ 40. Kf4 e5# {White checkmated} 0-1

[Event "ICC tourney 1955 (60 10)"]
[Site "Internet Chess Club"]
[Date "2020.08.07"]
[Round "3"]
[White "tanker2"]
[Black "chessmate09520"]
[Result "0-1"]
[ICCResult "White resigns"]
[WhiteElo "1857"]
[BlackElo "2095"]
[Opening "King's Indian: Petrosian system, Stein variation"]
[ECO "E92"]
[NIC "KI.17"]
[Time "18:32:34"]
[TimeControl "3600+10"]

1. d4 Nf6 2. c4 g6 3. Nc3 Bg7 4. e4 d6 5. Nf3 O-O 6. Be2 e5 7. d5 a5 8. O-O
Na6 9. b3 Ne8 10. a3 Nc5 11. Be3 f5 12. Nd2 f4 13. Bxc5 dxc5 14. Bg4 Nf6 15.
Bxc8 Rxc8 16. Rb1 Qe7 17. Rb2 g5 18. f3 h5 19. Qe2 Bh6 20. Rfb1 g4 21. b4
cxb4 22. axb4 axb4 23. Rxb4 b6 24. Nb5 g3 25. h3 Ra8 26. R4b2 Ra6 27. Nb3
Rfa8 28. Rc2 Bf8 29. c5 Ne8 30. Rbc1 bxc5 31. Kf1 c6 32. Nxc5 Rb6 33. dxc6
Rxc6 34. Qc4+ Kh8 35. Qd5 Rac8 36. Na7 Qxa7 37. Qxe5+ Ng7 38. Qxf4 Rxc5 39.
Rxc5 Bxc5 40. Qxg3 Qa6+ 41. Ke1 Bb4+ {White resigns} 0-1

[Event "ICC tourney 1955 (60 10)"]
[Site "Internet Chess Club"]
[Date "2020.08.07"]
[Round "3"]
[White "adorablehill"]
[Black "lemonoosa"]
[Result "0-1"]
[ICCResult "White resigns"]
[WhiteElo "1830"]
[BlackElo "2089"]
[Opening "Caro-Kann: classical, 7...Nd7"]
[ECO "B19"]
[NIC "CK.11"]
[Time "18:33:23"]
[TimeControl "3600+10"]

1. e4 c6 2. d4 d5 3. Nc3 dxe4 4. Nxe4 Bf5 5. Ng3 Bg6 6. h4 h6 7. Nf3 Nd7 8.
Bd3 Bxd3 9. Qxd3 Ngf6 10. Bd2 e6 11. O-O-O Be7 12. Ne4 Nxe4 13. Qxe4 Nf6 14.
Qe2 Qd5 15. Kb1 Qe4 16. Be3 Rd8 17. Nd2 Qf5 18. f3 Nd5 19. g4 Qh7 20. Nf1
O-O 21. Ng3 Nxe3 22. Qxe3 Rd5 23. g5 hxg5 24. hxg5 Bxg5 25. f4 Bh6 26. Ne4
Qf5 27. Rdf1 Rfd8 28. c3 c5 29. Ka1 cxd4 30. cxd4 Rxd4 31. Ng3 Qxf4 32. Qg1
Qd2 33. Nh5 Rb4 34. Rh2 Qe3 35. Nf6+ Kf8 36. Nh7+ Ke8 37. Qh1 Qd3 38. Nf6+
gxf6 39. Rxh6 Qd4 40. Rh2 Qd5 41. Qg1 Ra4 42. a3 Qd4 43. Qg3 Ke7 44. Rhf2
Qd3 45. Qg7 Qg6 46. Qxg6 fxg6 47. Rxf6 Rd1+ 48. Rxd1 Kxf6 49. Kb1 g5 50. Kc2
Rf4 51. Kd3 g4 52. Rg1 Kf5 53. Ke3 e5 54. Rc1 Rf3+ 55. Ke2 Kf4 56. Rc7 Rb3
57. Rc2 g3 58. Kf1 Kf3 59. Kg1 e4 60. Kf1 Rd3 61. Rc1 e3 62. Re1 e2+ 63. Kg1
Rd1 {White resigns} 0-1

[Event "ICC tourney 1955 (60 10)"]
[Site "Internet Chess Club"]
[Date "2020.08.07"]
[Round "3"]
[White "sanjayselvam"]
[Black "aarushnaveen"]
[Result "1/2-1/2"]
[ICCResult "Game drawn by mutual agreement"]
[WhiteElo "1921"]
[BlackElo "1696"]
[Opening "Queen's pawn: London system"]
[ECO "A45"]
[NIC "QP.07"]
[Time "18:36:10"]
[TimeControl "3600+10"]

1. d4 Nf6 2. Bf4 g6 3. e3 Bg7 4. Nf3 O-O 5. h3 d5 6. c3 e6 7. Bd3 Nbd7 8.
Nbd2 Re8 9. O-O c5 10. Re1 b6 11. e4 dxe4 12. Nxe4 Nd5 13. Bg3 cxd4 14. cxd4
N7f6 15. Ne5 Nxe4 16. Bxe4 Bb7 17. Qf3 Qf6 18. Qd1 Qe7 19. Rc1 Rac8 20. Nc4
Red8 21. Qe2 Bxd4 22. Rcd1 Bc5 23. a3 a5 24. Ne5 Nf6 25. Bxb7 Qxb7 26. Rxd8+
Rxd8 27. Bh4 Be7 28. Nxf7 Rf8 29. Ng5 Qd5 30. Qxe6+ Qxe6 31. Nxe6 Rc8 32.
Nf4 Kf7 33. Nd3 Bd6 34. Ne5+ Kg7 35. Bxf6+ Kxf6 36. Nd7+ Kf7 37. Nxb6 Rc2
38. Rf1 Be5 39. b4 axb4 40. axb4 Bd4 41. Nd5 Ke6 42. Nf4+ Kf6 43. Nd3 Rd2
44. Nf4 Rb2 45. g3 g5 46. Nd3 Rd2 47. Nc1 Rb2 48. Nd3 Rd2 49. Ne1 Rb2 50.
Nf3 Bb6 51. h4 gxh4 52. Nxh4 Rxb4 53. Rc1 Kg7 54. Nf5+ Kg6 55. Ne7+ Kg7 56.
Rc6 Rb1+ 57. Kg2 Rb2 58. Nf5+ Kf7 59. Nd6+ Kg7 60. Ne4 Bd4 61. Rd6 Bb6 62.
g4 Be3 63. Kg3 Bb6 64. f3 Bc7 65. Kh4 Bxd6 66. Nxd6 Rh2+ 67. Kg3 Rd2 68.
Nf5+ Kf6 69. Ne3 Rd3 70. Ng2 Kg5 71. Kf2 Rd2+ 72. Kg3 Rd3 73. Nf4 Ra3 74.
Ne6+ {Game drawn by mutual agreement} 1/2-1/2

[Event "ICC tourney 1955 (60 10)"]
[Site "Internet Chess Club"]
[Date "2020.08.07"]
[Round "3"]
[White "pbalaji2008"]
[Black "jimjimmo"]
[Result "0-1"]
[ICCResult "White checkmated"]
[WhiteElo "1681"]
[BlackElo "1985"]
[Opening "Caro-Kann: exchange variation"]
[ECO "B13"]
[NIC "CK.02"]
[Time "18:37:57"]
[TimeControl "3600+10"]

1. e4 c6 2. d4 d5 3. exd5 cxd5 4. Bd3 Nc6 5. c3 Nf6 6. Bg5 e6 7. Nf3 Be7 8.
O-O O-O 9. Re1 b6 10. Nbd2 Bb7 11. Nf1 h6 12. Bh4 Rc8 13. Bb5 Ne4 14. Bxe7
Nxe7 15. Ng3 Ng6 16. Bd3 f5 17. Nd2 Nf4 18. Bf1 Qf6 19. Nf3 a6 20. Ne5 Rcd8
21. Nh5 Qh4 22. Nxf4 Qxf2+ 23. Kh1 Qxf4 24. Qb3 b5 25. Ng6 Qg5 26. Nxf8 Rxf8
27. Qc2 f4 28. Bd3 f3 29. Bxe4 dxe4 30. gxf3 exf3 31. Qf2 Rf6 32. Rg1 Qd5
33. Rg3 e5 34. Rag1 Rf7 35. dxe5 Qxe5 36. Re1 Qxe1+ 37. Qxe1 f2+ 38. Rg2
fxe1=Q# {White checkmated} 0-1

[Event "ICC tourney 1955 (60 10)"]
[Site "Internet Chess Club"]
[Date "2020.08.07"]
[Round "3"]
[White "Coolbull"]
[Black "chessmilano"]
[Result "1-0"]
[ICCResult "Black resigns"]
[WhiteElo "1840"]
[BlackElo "1420"]
[Opening "French: exchange variation"]
[ECO "C01"]
[NIC "FR.01"]
[Time "18:33:05"]
[TimeControl "3600+10"]

1. e4 e6 2. d4 d5 3. exd5 exd5 4. Nf3 Bd6 5. Bd3 Nf6 6. O-O O-O 7. c4 c6 8.
Nc3 Bg4 9. Be2 Qc7 10. c5 Bf4 11. Bxf4 Qxf4 12. Re1 Nbd7 13. h3 Bf5 14. b4
Ne4 15. Qb3 Ndf6 16. b5 Nd2 17. Nxd2 Qxd2 18. Bf3 Qxd4 19. Re7 Rab8 20. bxc6
bxc6 21. Qa3 Nd7 22. Rd1 Qxc5 23. Qxc5 Nxc5 24. Rxa7 Rb7 25. Ra3 Rfb8 26.
Kh2 Nd3 27. Kg3 Nb2 28. Re1 h6 29. Ne2 Nd3 30. Rd1 Ne5 31. Nd4 Bd7 32. Re3
Nxf3 33. Rxf3 c5 34. Nf5 Be6 35. a4 Ra7 36. Ra1 Rba8 37. Rc1 c4 38. Nd4 Rxa4
39. Kf4 Ra3 40. Ke5 Rxf3 41. gxf3 Bxh3 42. Kxd5 Rd8+ 43. Ke4 Bf1 44. Rxf1
Re8+ 45. Kf4 c3 46. Rc1 g5+ 47. Kg4 Rd8 48. Nf5 Kh7 49. Rxc3 Rd2 50. Kg3 Kg6
51. Ne3 h5 52. Rc6+ f6 53. Rb6 h4+ 54. Kg2 Rd4 55. Rc6 Kf7 56. Rc4 Rd2 57.
Ng4 Rd6 58. Kh3 f5 59. Ne3 Kg6 60. Rc5 Rf6 61. Ng2 Rf8 62. f4 Rh8 63. fxg5
Kxg5 64. f4+ Kg6 65. Nxh4+ Kf6 66. Rxf5+ Ke6 67. Rg5 Ra8 68. Kg4 Ra1 69. Nf3
Kf6 70. f5 Ra4+ 71. Kg3 Ra3 72. Rh5 Rb3 73. Kf4 Rb4+ 74. Ke3 Rb3+ 75. Ke4
Rb4+ 76. Nd4 Rb1 77. Rh6+ Kf7 78. Nf3 Rb4+ 79. Ke3 Rb3+ 80. Kf4 Kg7 81. Rg6+
Kf7 82. Ne5+ Ke7 83. Re6+ Kf8 84. f6 Ra3 85. Kf5 Ra1 86. Nd7+ Kf7 87. Re7+
{Black resigns}
1-0